[Event "Titled Tuesday Blitz January 10 Early 2023"]
[White "Ciuffoletti, Paolo"]
[Black "Vasques, Antonio Pedro Freixial"]
[WhiteFideId "807630"]
[BlackFideId "1908332"]
[WhiteElo "2106"]
[BlackElo "2214"]
[Result "1-0"]
[Round "11"]
[TimeControl "180+2"]
[Date "2023.01.10"]
[WhiteClock "0:00:25"]
[BlackClock "0:01:06"]

1. e4 c5 2. d4 cxd4 3. c3 Nf6 4. e5 Nd5 5. Qxd4 e6 6. Bc4 Nc6 7. Qe4 Nb6 8. Bb3 d5 9. exd6 Bxd6 10. Nf3 O-O 11. Ng5 g6 12. Qh4 h5 13. O-O Ne7 14. Rd1 Nf5 15. Qh3 Qe7 16. Ne4 Be5 17. Bg5 f6 18. Be3 Kg7 19. Bc5 Qf7 20. Bxf8+ Qxf8 21. Nbd2 Bd7 22. Nf3 Bc6 23. Nxe5 Bxe4 24. Nd7 Qe7 25. Nxb6 axb6 26. f3 Bc6 27. Rd3 h4 28. Re1 Rh8 29. Rxe6 Qc5+ 30. Kh1 Ng3+ 31. hxg3 hxg3 32. Rde3 Rxh3+ 33. gxh3 Qf5 34. Kg2 Bxf3+ 35. Rxf3 Qb1 36. Rfxf6 Qxb2+ 37. Kxg3 Qxc3+ 38. Rf3 Qc7+ 39. Kf2 Qh2+ 40. Ke3 Qg1+ 41. Ke2 Qg2+ 42. Rf2 Qxh3 43. Re7+ Kh6 44. Re3 Qg4+ 45. Ke1 Qb4+ 46. Kf1 Qd4 47. Rh3+ Kg7 48. Rf7+ Kg8 49. Rf4+ 1-0


[Site "https://www.chess.com"]

[Event "Titled Tuesday Blitz January 10 Early 2023"]
[White "Ovezdurdyyeva, Jemal"]
[Black "Skurikhin, Dmitrij"]
[WhiteFideId "14001888"]
[BlackFideId "4161297"]
[WhiteElo "2078"]
[BlackElo "2297"]
[Result "1-0"]
[Round "11"]
[TimeControl "180+2"]
[Date "2023.01.10"]
[WhiteClock "0:00:15"]
[BlackClock "0:00:37"]

1. e4 e6 2. d4 d5 3. Nd2 c5 4. Ngf3 cxd4 5. Nxd4 Nc6 6. Nxc6 bxc6 7. Bd3 Nf6 8. O-O Bd6 9. Qe2 Qc7 10. c4 Bxh2+ 11. Kh1 Bf4 12. cxd5 cxd5 13. exd5 Nxd5 14. Nc4 Bxc1 15. Raxc1 O-O 16. Qe4 f5 17. Qd4 Qf4 18. Qxf4 Nxf4 19. Bc2 Bb7 20. f3 Ne2 21. Nd6 Bd5 22. Bb3 Bxb3 23. axb3 Nxc1 24. Rxc1 Rfd8 25. Nc4 Rd3 26. Re1 Re8 27. b4 h6 28. Ra1 Rc8 29. Ne5 Rd5 30. Ng6 Kf7 31. Nf4 Rd4 32. Rxa7+ Kf6 33. Nh5+ Kg5 34. Nxg7 Rd1+ 35. Kh2 Re1 36. Ra6 Kf6 37. Nh5+ Kg5 38. Ng7 Kf6 39. Nh5+ Kf7 40. Ra7+ Kg6 41. g4 fxg4 42. fxg4 Rc2+ 43. Kg3 Re3+ 44. Kf4 Rc4+ 45. Kxe3 Rxg4 46. Nf4+ Kf5 47. Rf7+ Ke5 48. Nd3+ Kd5 49. Rh7 Rg3+ 50. Kd2 Kc4 51. Rd7 Rg2+ 52. Ke3 Rg3+ 53. Ke4 h5 54. Rc7+ Kb5 55. Rb7+ Ka6 56. Rh7 Rg5 57. Rh6 Kb5 58. Rxe6 Rg4+ 59. Ke3 Rg3+ 60. Kd2 Kc4 61. Re4+ Kd5 62. Rh4 Rg2+ 63. Kc3 Rg3 64. Rxh5+ Kc6 65. b5+ Kb7 66. b4 Rxd3+ 67. Kxd3 1-0


[Site "https://www.chess.com"]

[Event "Titled Tuesday Blitz January 10 Early 2023"]
[White "Petrova, Irina"]
[Black "Hartikainen, Jarmo"]
[WhiteFideId "14124122"]
[BlackFideId "503134"]
[WhiteElo "2108"]
[BlackElo "2108"]
[Result "1-0"]
[Round "11"]
[TimeControl "180+2"]
[Date "2023.01.10"]
[WhiteClock "0:00:16"]
[BlackClock "0:00:11"]

1. e4 c5 2. Nf3 e6 3. c4 Nc6 4. Nc3 Nf6 5. Be2 d6 6. O-O Be7 7. d4 cxd4 8. Nxd4 O-O 9. Be3 a6 10. Qd2 Bd7 11. Rfc1 Rc8 12. f3 Ne5 13. b3 Re8 14. a4 Bf8 15. a5 Bc6 16. Na4 g6 17. Nxc6 Rxc6 18. Nb6 Bg7 19. Rd1 Nfd7 20. Bf1 Nxb6 21. Bxb6 Qc8 22. Kh1 Nd7 23. Bf2 Rd8 24. Ra2 Nf6 25. Qe1 d5 26. Rad2 Rd7 27. cxd5 exd5 28. e5 Nh5 29. Rxd5 Rxd5 30. Rxd5 Rc1 31. Rd1 Rxd1 32. Qxd1 Bxe5 33. Bc4 Qc7 34. Bg1 Nf6 35. Bb6 Qd7 36. Qe1 Bd4 37. Bxd4 Qxd4 38. h3 Qd6 39. Qe3 Kg7 40. Qc3 h6 41. Qe1 Kg8 42. Qe3 Kg7 43. f4 Qc6 44. Qe5 Qc8 45. g4 Qd8 46. g5 Qd1+ 47. Kg2 Qd2+ 48. Kf3 Qd1+ 49. Be2 Qd5+ 50. Qxd5 Nxd5 51. gxh6+ Kxh6 52. Ke4 Nc3+ 53. Kd3 Nxe2 54. Kxe2 f6 55. Kf3 g5 56. fxg5+ fxg5 57. Ke4 Kh5 58. Kf5 Kh4 59. Kg6 Kxh3 60. Kxg5 Kg3 61. Kf5 Kf3 62. Ke5 Ke3 63. Kd5 Kd3 64. Kc5 Kc3 65. Kb6 Kxb3 66. Kxb7 Kb4 67. Kxa6 Kc5 68. Kb7 Kb5 69. a6 Kc5 70. a7 1-0


[Site "https://www.chess.com"]

[Event "Titled Tuesday Blitz January 10 Early 2023"]
[White "Lauridsen, Jesper Morch"]
[Black "Zaichenko, Daria"]
[WhiteFideId "1401890"]
[BlackFideId "4197453"]
[WhiteElo "2309"]
[BlackElo "2104"]
[Result "1-0"]
[Round "11"]
[TimeControl "180+2"]
[Date "2023.01.10"]
[WhiteClock "0:00:23"]
[BlackClock "0:01:05"]

1. e4 c5 2. c3 e6 3. d4 d5 4. e5 cxd4 5. cxd4 f6 6. Nf3 Nc6 7. Bb5 Bd7 8. Nc3 Bb4 9. O-O Nxe5 10. Nxe5 fxe5 11. Qh5+ g6 12. Qxe5 Qf6 13. Qc7 Rd8 14. Bf4 Ne7 15. Be5 Qh4 16. Bxh8 Nf5 17. Bxd7+ Rxd7 18. Qc8+ Ke7 19. Be5 Nh6 20. Bg3 Qxd4 21. Rad1 Qf6 22. Rfe1 Qf5 23. Re5 Qc2 24. Nxd5+ Rxd5 25. Qxc2 1-0


[Site "https://www.chess.com"]

[Event "Titled Tuesday Blitz January 10 Early 2023"]
[White "Kuchava, Ana"]
[Black "Deev, Andrei"]
[WhiteFideId "13605348"]
[BlackFideId "4102690"]
[WhiteElo "2101"]
[BlackElo "2390"]
[Result "1/2-1/2"]
[Round "11"]
[TimeControl "180+2"]
[Date "2023.01.10"]
[WhiteClock "0:00:53"]
[BlackClock "0:00:55"]

1. d4 d6 2. Nf3 Bg4 3. c4 Nd7 4. Nc3 c5 5. d5 g6 6. e4 Bg7 7. Be2 Ngf6 8. Qc2 O-O 9. O-O a6 10. a4 e6 11. Bf4 e5 12. Be3 Ne8 13. Nd2 Bxe2 14. Nxe2 f5 15. f3 f4 16. Bf2 g5 17. Rfb1 a5 18. Nc3 h5 19. Kf1 g4 20. Ke2 Qg5 21. Nb5 h4 22. h3 g3 23. Be1 b6 24. Kd3 Rf7 25. Nf1 Qd8 26. b3 Nb8 27. Bc3 Na6 28. Nd2 Nb4+ 29. Bxb4 cxb4 30. Rg1 Nf6 31. Ke2 Qb8 32. c5 bxc5 33. Nc4 Bf8 34. Rgc1 Nd7 35. Kf1 Nb6 36. Nxb6 Qxb6 37. Qc4 Rb8 38. Ra2 Rfb7 39. Rca1 Qa6 40. Ke2 Qb6 41. Kd3 Be7 42. Ke2 1/2-1/2


[Site "https://www.chess.com"]

[Event "Titled Tuesday Blitz January 10 Early 2023"]
[White "Clawitter, Craig"]
[Black "Zanette, Edgard Vinicius"]
[WhiteFideId "2023105"]
[BlackFideId "2109263"]
[WhiteElo "2050"]
[BlackElo "2085"]
[Result "0-1"]
[Round "11"]
[TimeControl "180+2"]
[Date "2023.01.10"]
[WhiteClock "0:00:07"]
[BlackClock "0:00:41"]

1. e4 c5 2. Nf3 d6 3. d4 cxd4 4. Nxd4 Nf6 5. Nc3 a6 6. Be3 e5 7. Nb3 Be7 8. f3 O-O 9. Qd2 Be6 10. g4 d5 11. g5 d4 12. gxf6 Bxf6 13. O-O-O Nc6 14. Qf2 dxe3 15. Rxd8 exf2 16. Rxf8+ Kxf8 17. h4 h5 18. Nd1 Bxb3 19. axb3 Nd4 20. Rh3 Rc8 21. Nc3 b5 22. b4 Be7 23. Bd3 Bxb4 24. Kd2 Ne6 25. Rh2 Bc5 26. Nd1 Rd8 27. Nxf2 Nd4 28. Rh3 Nxc2 29. Kxc2 Bxf2 30. Kd2 b4 31. Ke2 a5 32. f4 Bd4 33. fxe5 Bxb2 34. Rf3 Bxe5 35. Bc4 Rd7 36. Rf5 Bf6 37. e5 Re7 38. Kf3 Rxe5 39. Rxe5 Bxe5 40. Bb3 Ke7 41. Ke4 Bg3 42. Kf5 Bxh4 0-1


[Site "https://www.chess.com"]

[Event "Titled Tuesday Blitz January 10 Early 2023"]
[White "Levine, David"]
[Black "Player, Edmund C"]
[WhiteFideId "2011611"]
[BlackFideId "406520"]
[WhiteElo "2040"]
[BlackElo "2204"]
[Result "0-1"]
[Round "11"]
[TimeControl "180+2"]
[Date "2023.01.10"]
[WhiteClock "0:00:01"]
[BlackClock "0:00:07"]

1. d4 Nf6 2. c4 g6 3. g3 c6 4. Bg2 d5 5. cxd5 cxd5 6. Nc3 Bg7 7. Nf3 Nc6 8. Ne5 O-O 9. O-O Bf5 10. Nxc6 bxc6 11. Na4 Rb8 12. Bf4 Rb5 13. Rc1 Qa5 14. b3 Rc8 15. h3 Nd7 16. g4 Be6 17. e3 c5 18. Nc3 Rb4 19. Bxd5 cxd4 20. Bxe6 fxe6 21. Ne4 Rxc1 22. Qxc1 e5 23. Qc8+ Nf8 24. Bg5 Qd5 25. Nc5 Rb5 26. b4 Rxb4 27. e4 Qd6 28. f4 Rc4 29. fxe5 Qxc5 30. Rxf8+ Bxf8 31. Qe6+ Kg7 32. Bf6+ exf6 33. Qxf6+ Kg8 34. Qe6+ Kh8 35. Qf6+ Bg7 36. Qd8+ Qf8 37. Qd5 Rc1+ 0-1


[Site "https://www.chess.com"]

[Event "Titled Tuesday Blitz January 10 Early 2023"]
[White "Vaglio Munoz, Jaime"]
[Black "Ghosh, Chanchal Kumer"]
[WhiteFideId "6500145"]
[BlackFideId "10201858"]
[WhiteElo "2174"]
[BlackElo "2020"]
[Result "0-1"]
[Round "11"]
[TimeControl "180+2"]
[Date "2023.01.10"]
[WhiteClock "0:00:47"]
[BlackClock "0:00:08"]

1. d4 d5 2. c4 e6 3. Nc3 Nf6 4. Bg5 Be7 5. e3 b6 6. Nf3 Bb7 7. Qc2 O-O 8. Rd1 Nbd7 9. b3 c5 10. dxc5 Nxc5 11. cxd5 Nxd5 12. Bxe7 Qxe7 13. Nxd5 Bxd5 14. Be2 Rac8 15. Qb2 Rc7 16. O-O Rfc8 17. Nd4 Qf6 18. Qa3 Ne4 19. Bf3 Nc3 20. Rd2 Bxf3 21. Nxf3 g5 22. h3 h5 23. Nd4 Ne4 24. Re2 g4 25. hxg4 hxg4 26. Nb5 Rc2 27. Rxc2 Rxc2 28. Nd6 Rxf2 29. Re1 Nxd6 30. Qxd6 Rxa2 31. Qg3 Qg5 32. Rd1 Kg7 33. Rd4 Ra1+ 34. Kf2 Qf5+ 35. Qf4 Qxf4+ 36. exf4 f5 37. Kg3 Kf6 38. b4 Ra3+ 39. Kh4 a5 40. bxa5 bxa5 41. Rd8 a4 42. Rf8+ Ke7 43. Ra8 Ra1 44. Kg5 Ra2 45. Ra7+ Kd6 46. g3 Ra3 47. Kf6 Rxg3 48. Rxa4 Re3 49. Rd4+ Kc5 50. Rd8 Re4 51. Rg8 Kd4 52. Rd8+ Ke3 53. Kg5 Kf3 54. Rd3+ Re3 55. Rd6 g3 56. Rd1 g2 57. Kh4 Kf2 58. Rd2+ Re2 59. Rd3 g1=Q 60. Rh3 Ke1 61. Kh5 Rh2 62. Rxh2 Qxh2+ 63. Kg5 Qg3+ 64. Kf6 Qxf4 65. Kxe6 Qe4+ 66. Kf6 f4 67. Kg5 f3 68. Kf6 f2 69. Kg5 f1=Q 70. Kh5 Qeh1+ 71. Kg4 Qhg2+ 72. Kh5 Qfh1# 0-1


[Site "https://www.chess.com"]

[Event "Titled Tuesday Blitz January 10 Early 2023"]
[White "Flis, Pawel"]
[Black "Slovineanu, Viacheslav"]
[WhiteFideId "1112864"]
[BlackFideId "13900510"]
[WhiteElo "1879"]
[BlackElo "2412"]
[Result "1/2-1/2"]
[Round "11"]
[TimeControl "180+2"]
[Date "2023.01.10"]
[WhiteClock "0:00:15"]
[BlackClock "0:00:14"]

1. e4 e5 2. d4 d6 3. Nf3 Nc6 4. Bc4 exd4 5. Nxd4 Nxd4 6. Qxd4 Be6 7. Bxe6 fxe6 8. Nc3 Nf6 9. O-O e5 10. Qa4+ Qd7 11. Qb3 O-O-O 12. Be3 Kb8 13. Qa3 a6 14. b4 d5 15. exd5 Nxd5 16. Nxd5 Qxd5 17. h3 Bd6 18. Rfd1 Qc4 19. c3 h6 20. Qb3 Qxb3 21. axb3 e4 22. Rd4 Be5 23. Rxe4 Bxc3 24. Rc1 Bf6 25. Bf4 Rd7 26. Rce1 Kc8 27. Re8+ Rxe8 28. Rxe8+ Rd8 29. Re3 Rd1+ 30. Kh2 Kd7 31. g4 c6 32. Kg3 Rd4 33. Be5 Bxe5+ 34. Rxe5 Rxb4 35. Re3 c5 36. f4 b5 37. h4 c4 38. bxc4 Rxc4 39. g5 hxg5 40. fxg5 b4 41. h5 a5 42. h6 gxh6 43. gxh6 a4 44. h7 Rc8 45. Re4 Rb8 46. Rxb4 Rh8 47. Rxa4 Ke6 48. Ra7 Kf6 49. Kg4 Kg6 50. Kf4 Rxh7 51. Rxh7 Kxh7 1/2-1/2


[Site "https://www.chess.com"]

[Event "Titled Tuesday Blitz January 10 Early 2023"]
[White "Becerra, Juan David"]
[Black "Mendez Machado, Andre"]
[WhiteFideId "4404998"]
[BlackFideId "6603793"]
[WhiteElo "2382"]
[BlackElo "1974"]
[Result "0-1"]
[Round "11"]
[TimeControl "180+2"]
[Date "2023.01.10"]
[WhiteClock "0:00:45"]
[BlackClock "0:00:19"]

1. e4 e5 2. Nf3 Nc6 3. Bb5 a6 4. Ba4 Nf6 5. d3 b5 6. Bb3 Bc5 7. O-O d6 8. c3 h6 9. h3 O-O 10. Re1 Bb6 11. d4 Bb7 12. d5 Ne7 13. a4 c6 14. a5 Bxa5 15. dxc6 Bxc6 16. Bc2 Bb6 17. b4 Qc7 18. Be3 Bxe3 19. Rxe3 Ng6 20. g3 Rfd8 21. Nfd2 d5 22. exd5 Nxd5 23. Re1 Qd7 24. Ne4 Qxh3 25. Qf3 Nh4 26. Qh1 Qxh1+ 27. Kxh1 Nf3 28. Rd1 Ng5 29. Nxg5 Nxc3+ 30. Kg1 Nxd1 31. Bxd1 Rxd1+ 32. Kh2 Rh1# 0-1


[Site "https://www.chess.com"]

[Event "Titled Tuesday Blitz January 10 Early 2023"]
[White "Gatterer, Florian"]
[Black "Thiel, Thomas"]
[WhiteFideId "811688"]
[BlackFideId "4615964"]
[WhiteElo "2170"]
[BlackElo "2234"]
[Result "0-1"]
[Round "11"]
[TimeControl "180+2"]
[Date "2023.01.10"]
[WhiteClock "0:00:03"]
[BlackClock "0:01:11"]

1. d4 Nf6 2. c4 g6 3. Nc3 d5 4. cxd5 Nxd5 5. e4 Nxc3 6. bxc3 Bg7 7. Bc4 c5 8. Ne2 O-O 9. Be3 Nc6 10. O-O b6 11. h4 cxd4 12. cxd4 e6 13. h5 Bb7 14. h6 Bh8 15. f3 Rc8 16. Rc1 Qd7 17. Qd2 Rfd8 18. Rfd1 Na5 19. Bd3 Rxc1 20. Rxc1 Rc8 21. Rxc8+ Qxc8 22. e5 Bd5 23. a3 Nc4 24. Bxc4 Qxc4 25. Qc3 Qxc3 26. Nxc3 f6 27. Nxd5 exd5 28. f4 g5 29. g3 Kf7 30. Kg2 Kg6 31. e6 gxf4 32. Bxf4 f5 33. Bb8 a6 34. Bc7 b5 35. Bb6 Kf6 36. Kf3 Kxe6 37. Kf4 Bf6 38. g4 fxg4 39. Kxg4 Be7 40. a4 bxa4 0-1


[Site "https://www.chess.com"]

[Event "Titled Tuesday Blitz January 10 Early 2023"]
[White "Afanasieva, Alexandra"]
[Black "Kiseleva, Arina"]
[WhiteFideId "34126926"]
[BlackFideId "4164989"]
[WhiteElo "1857"]
[BlackElo "1962"]
[Result "1-0"]
[Round "11"]
[TimeControl "180+2"]
[Date "2023.01.10"]
[WhiteClock "0:01:39"]
[BlackClock "0:00:16"]

1. e4 c6 2. d4 d5 3. e5 Bf5 4. c4 e6 5. Nc3 Bb4 6. cxd5 Qxd5 7. Ne2 Ne7 8. a3 Qa5 9. Bd2 Bxc3 10. Nxc3 O-O 11. Nb5 Qb6 12. Nd6 Qxd4 13. Bc3 Qxd1+ 14. Rxd1 b5 15. Bb4 Nd5 16. Nxf5 exf5 17. Bxf8 Kxf8 18. Bxb5 Nf4 19. Bc4 Nxg2+ 20. Ke2 Nf4+ 21. Ke3 Nd5+ 22. Rxd5 cxd5 23. Bxd5 Nc6 24. Bxc6 Rb8 25. b4 Ke7 26. b5 g5 27. a4 Ke6 28. f4 gxf4+ 29. Kxf4 Rg8 30. Bf3 Rd8 31. Rd1 Rc8 32. Rd6+ Ke7 33. Kxf5 Rc4 34. Bd5 Rxa4 35. Ra6 Rh4 36. Rxa7+ Ke8 37. Bxf7+ Kd8 38. e6 Rh5+ 39. Bxh5 1-0


[Site "https://www.chess.com"]

[Event "Titled Tuesday Blitz January 10 Early 2023"]
[White "Guevara Sanchez, Erick Marvin"]
[Black "De Souza, Cristiano Gomes"]
[WhiteFideId "6700136"]
[BlackFideId "2151758"]
[WhiteElo "2073"]
[BlackElo "2018"]
[Result "1-0"]
[Round "11"]
[TimeControl "180+2"]
[Date "2023.01.10"]
[WhiteClock "0:00:15"]
[BlackClock "0:00:24"]

1. e4 c5 2. d4 cxd4 3. c3 dxc3 4. Nxc3 Nc6 5. Bc4 e6 6. Nf3 a6 7. O-O Nge7 8. Nd5 b5 9. Bb3 Na5 10. Bg5 Nxb3 11. axb3 exd5 12. exd5 d6 13. Re1 h6 14. Bd2 f6 15. Nd4 Kf7 16. Qh5+ g6 17. Qf3 Kg7 18. Re6 Ng8 19. Bc3 Kh7 20. Nc6 Qc7 21. Re8 Bb7 22. Rxa8 Bxa8 23. Bxf6 Nxf6 24. Qxf6 Bg7 25. Qf3 Rf8 26. Qe4 Qf7 27. f3 Bb7 28. Re1 Bxb2 29. Qc2 Bg7 30. Re7 Qf5 31. Qc3 Rf7 32. Qd2 Bxc6 33. Rxf7 Qxf7 34. dxc6 Qxb3 35. c7 Qc4 36. Qxd6 Qd4+ 37. Qxd4 Bxd4+ 38. Kf1 b4 39. c8=Q Bc3 40. Qd7+ Kg8 41. Qe8+ Kg7 42. Qa4 Kf6 43. Ke2 Ke5 44. Kd3 Kd5 45. Qa5+ Kd6 46. Kc4 Ke6 47. Qxa6+ Kf5 48. Qc8+ Kf4 49. Qg4+ Ke3 50. Qe4+ Kf2 51. g4 Kg2 52. h4 Kg3 53. Qxg6 Kxh4 54. f4 Kg3 55. f5 h5 56. gxh5+ 1-0


[Site "https://www.chess.com"]

[Event "Titled Tuesday Blitz January 10 Early 2023"]
[White "Winkels, Marcel"]
[Black "Melikhov, Evgeny V."]
[WhiteFideId "1003887"]
[BlackFideId "4122046"]
[WhiteElo "1960"]
[BlackElo "2269"]
[Result "0-1"]
[Round "11"]
[TimeControl "180+2"]
[Date "2023.01.10"]
[WhiteClock "0:00:05"]
[BlackClock "0:00:11"]

1. d4 Nf6 2. Bg5 e6 3. Nf3 h6 4. Bh4 c5 5. Nc3 cxd4 6. Nxd4 Be7 7. e4 d6 8. Bg3 O-O 9. Be2 Nc6 10. O-O Nxd4 11. Qxd4 e5 12. Qd3 Be6 13. Nd5 Bxd5 14. exd5 Qc7 15. c4 a5 16. Kh1 Nd7 17. f4 Nc5 18. Qc2 e4 19. f5 Bf6 20. Bf2 Rfe8 21. Be3 b6 22. Rab1 Qe7 23. a3 a4 24. Bxc5 bxc5 25. b4 axb3 26. Rxb3 Bd4 27. Rg3 f6 28. Bh5 e3 29. Bxe8 Rxe8 30. Re1 e2 31. Rf3 Qe5 32. g3 Re7 33. Kg2 Kh7 34. a4 Re8 35. a5 Re7 36. a6 Kh8 37. Qa2 Re8 38. a7 Kh7 39. a8=Q Rxa8 40. Qxa8 Bc3 41. Rxe2 Qxe2+ 42. Rf2 Qe4+ 43. Kh3 Bd4 44. Rg2 Qxf5+ 45. g4 Qf3+ 46. Rg3 Qf1+ 47. Rg2 Qxc4 48. Qc6 Qf1 49. Qd7 Qf3+ 50. Rg3 Qf1+ 51. Rg2 Be5 52. Qf5+ Qxf5 53. gxf5 c4 54. Kg4 c3 55. Kf3 h5 56. Ke4 Kh6 57. Kd3 Kh7 58. Rc2 Kh6 59. h4 Kh7 60. Rxc3 Bxc3 61. Kxc3 g6 62. fxg6+ Kxg6 63. Kc4 Kf5 64. Kb5 Ke5 65. Kc6 f5 0-1


[Site "https://www.chess.com"]

[Event "Titled Tuesday Blitz January 10 Early 2023"]
[White "Souza, Gustavo Horokoski De"]
[Black "Hernandez Bonilla, Amelia"]
[WhiteFideId "2146584"]
[BlackFideId "3900193"]
[WhiteElo "1943"]
[BlackElo "1960"]
[Result "0-1"]
[Round "11"]
[TimeControl "180+2"]
[Date "2023.01.10"]
[WhiteClock "0:01:04"]
[BlackClock "0:01:14"]

1. d4 Nf6 2. c4 e6 3. Nc3 Bb4 4. e3 O-O 5. Ne2 d5 6. a3 Bd6 7. Ng3 c6 8. cxd5 exd5 9. Bd3 Re8 10. O-O Nbd7 11. Nf5 Bc7 12. b4 Ne4 13. Nxe4 dxe4 14. Bc2 Nf6 15. Ng3 Qd6 16. f4 exf3 17. Qxf3 Bg4 18. Qf2 h5 19. h4 Qxg3 20. Qxg3 Bxg3 21. Bb2 Bxh4 22. e4 Nxe4 23. Rf4 Ng3 24. Bd3 Ne2+ 25. Bxe2 Rxe2 26. Rc1 Rxb2 0-1


[Site "https://www.chess.com"]

[Event "Titled Tuesday Blitz January 10 Early 2023"]
[White "Necula, Iulian"]
[Black "Kornyukov, Alexey"]
[WhiteFideId "1232380"]
[BlackFideId "4150457"]
[WhiteElo "1851"]
[BlackElo "2452"]
[Result "1/2-1/2"]
[Round "11"]
[TimeControl "180+2"]
[Date "2023.01.10"]
[WhiteClock "0:00:46"]
[BlackClock "0:01:05"]

1. d4 d5 2. Nc3 Nf6 3. Bf4 e6 4. Nb5 Bd6 5. Nxd6+ cxd6 6. e3 Nc6 7. c3 e5 8. dxe5 dxe5 9. Bg3 O-O 10. Nf3 Bg4 11. Be2 e4 12. Nd4 Bxe2 13. Qxe2 Nxd4 14. cxd4 Qa5+ 15. Qd2 Qxd2+ 16. Kxd2 Rac8 17. Rhc1 Nd7 18. a4 Nb6 19. b3 f5 20. Be5 Nd7 21. Bd6 Rfe8 22. a5 a6 23. Rxc8 Rxc8 24. Rc1 Rxc1 25. Kxc1 Kf7 26. f3 Ke6 27. Ba3 Nf6 28. Kd2 g5 29. h3 exf3 30. gxf3 h5 31. Ke2 g4 32. hxg4 hxg4 33. fxg4 Nxg4 34. Kf3 Nf6 35. Bc5 Ne4 36. b4 Nd2+ 37. Kf4 Nc4 38. Bf8 Nd2 39. Bc5 Ne4 40. Bf8 Nc3 41. Bc5 Ne2+ 42. Kf3 Nc3 43. Kf4 Nb5 44. Bf8 Nc7 45. Bc5 Ne8 46. Bf8 Nf6 47. Bc5 Nh5+ 48. Kg5 Ng3 49. Kf4 Nh5+ 50. Kg5 Nf6 51. Kf4 Nd7 52. Ba7 Kf6 53. Bc5 Ke6 54. Ba7 Nf8 55. Bc5 Nd7 1/2-1/2


[Site "https://www.chess.com"]

[Event "Titled Tuesday Blitz January 10 Early 2023"]
[White "Lutz, Igor Oscar"]
[Black "Tarnowska, Aleksandra"]
[WhiteFideId "2110806"]
[BlackFideId "1180967"]
[WhiteElo "1969"]
[BlackElo "1835"]
[Result "1-0"]
[Round "11"]
[TimeControl "180+2"]
[Date "2023.01.10"]
[WhiteClock "0:00:28"]
[BlackClock "0:00:01"]

1. d4 d5 2. c4 e6 3. Nf3 Nf6 4. g3 Be7 5. Bg2 O-O 6. O-O dxc4 7. Nbd2 c5 8. Nxc4 Nc6 9. dxc5 Bxc5 10. Bg5 Qxd1 11. Rfxd1 Ne4 12. e3 f6 13. Bh4 g5 14. Nd4 gxh4 15. Bxe4 Bxd4 16. exd4 hxg3 17. hxg3 f5 18. Bf3 Kg7 19. Ne5 Nxe5 20. dxe5 Rb8 21. Rac1 b6 22. Rc7+ Rf7 23. Rxf7+ Kxf7 24. Rd8 Ke7 25. Rh8 h6 26. Rh7+ Kf8 27. Rxh6 Bd7 28. Rh8+ Ke7 29. Rxb8 1-0


[Site "https://www.chess.com"]

[Event "Titled Tuesday Blitz January 10 Early 2023"]
[White "Muzzi, Eduardo"]
[Black "Mohammadian, Mohammad"]
[WhiteFideId "3001253"]
[BlackFideId "12566055"]
[WhiteElo "1917"]
[BlackElo "1398"]
[Result "1-0"]
[Round "11"]
[TimeControl "180+2"]
[Date "2023.01.10"]
[WhiteClock "0:00:18"]
[BlackClock "0:00:13"]

1. e4 e5 2. Nf3 Nc6 3. d4 exd4 4. Bc4 Bb4+ 5. c3 dxc3 6. O-O d6 7. Bg5 Nf6 8. e5 dxe5 9. Qb3 O-O 10. Rd1 Qe7 11. Nxc3 Bxc3 12. Qxc3 Be6 13. Nxe5 Nxe5 14. Qxe5 Rae8 15. Re1 Qd7 16. Bxf6 gxf6 17. Qg3+ Kh8 18. Bd3 Rg8 19. Qh4 Rg7 20. Rad1 Qc6 21. Be4 Qb6 22. Qxf6 Kg8 23. Bf5 Bd5 24. Rxe8# 1-0


[Site "https://www.chess.com"]

[Event "Titled Tuesday Blitz January 10 Early 2023"]
[White "Cella, Glaucio Dalla Cortt"]
[Black "Michalski, Olaf"]
[WhiteFideId "2119455"]
[BlackFideId "1106740"]
[WhiteElo "1894"]
[BlackElo "2273"]
[Result "1-0"]
[Round "11"]
[TimeControl "180+2"]
[Date "2023.01.10"]
[WhiteClock "0:00:40"]
[BlackClock "0:00:18"]

1. e4 c5 2. Nf3 a6 3. c3 Nf6 4. e5 Nd5 5. d4 e6 6. Bd3 d6 7. O-O Nc6 8. Be4 dxe5 9. dxe5 Be7 10. c4 Nb6 11. Bxc6+ bxc6 12. Qb3 O-O 13. Be3 Rb8 14. Qc2 Qc7 15. Nbd2 Nd7 16. Bf4 Rd8 17. Ne4 Nf8 18. Rfd1 Ng6 19. Rxd8+ Qxd8 20. Rd1 Qb6 21. Bg5 Bxg5 22. Nfxg5 h6 23. Nxf7 Kxf7 24. Nd6+ Kg8 25. Qxg6 Qc7 26. Ne8 Qf7 27. Nf6+ Kf8 28. Rd8+ Ke7 29. Qd3 1-0


[Site "https://www.chess.com"]

[Event "Titled Tuesday Blitz January 10 Early 2023"]
[White "Kaiyrbekov, Rustam"]
[Black "Herman, Daniel"]
[WhiteFideId "13702424"]
[BlackFideId "30935008"]
[WhiteElo "2295"]
[BlackElo "1956"]
[Result "0-1"]
[Round "11"]
[TimeControl "180+2"]
[Date "2023.01.10"]
[WhiteClock "0:00:29"]
[BlackClock "0:00:55"]

1. c4 e5 2. Nc3 Bb4 3. g3 Bxc3 4. bxc3 Nc6 5. Bg2 f5 6. e3 e4 7. Ne2 Ne5 8. O-O Nf6 9. c5 O-O 10. d4 exd3 11. Nf4 d6 12. Nxd3 Nxd3 13. Qxd3 dxc5 14. Qc4+ Kh8 15. Ba3 Ne4 16. Bxe4 fxe4 17. Qxc5 Rg8 18. Rad1 Qf6 19. Qxc7 Bh3 20. Qf4 Qxc3 21. Bd6 Bxf1 22. Rxf1 Rae8 23. Kg2 Qf6 24. Qg4 Qxd6 25. Rc1 Rgf8 26. h4 Qf6 27. Kh3 Qxf2 28. Rc7 Qf1+ 29. Kh2 Rf2# 0-1